 Dungeon Crawl Stone Soup version 0.14-a0-736-g2a71271 (webtiles) character file.

1132 Malachi the Changer (level 7, -3/53 HPs)
             Began as a Purple Draconian Transmuter on Nov 7, 2013.
             Was an Initiate of Makhleb.
             Killed by divine providence
             ... invoked by an orc priest
              (14 damage)
             ... on Level 3 of the Dungeon.
             The game lasted 00:15:39 (7352 turns).

Malachi the Changer (Purple Draconian Transmuter)   Turns: 7352, Time: 00:15:39

HP  -3/53        AC 11     Str 12      XL: 7   Next: 89%
MP   9/11        EV 12     Int 16      God: Makhleb [......]
Gold 184         SH  0     Dex 11      Spells:  4 memorised,  0 levels left

Res.Fire  : . . .   See Invis. : .     - Unarmed
Res.Cold  : . . .   Warding    : .   (armour unavailable)
Life Prot.: . . .   Conserve   : .   (no shield)
Res.Poison: .       Res.Corr.  : .   (helmet restricted)
Res.Elec. : .       Clarity    : .   (no cloak)
Sust.Abil.: . .     Spirit.Shd : .   x - +0 pair of gloves
Res.Mut.  : .       Stasis     : .   (no boots)
Res.Rott. : .       Flight     : .   (no amulet)
Saprovore : . . .                    (no ring)
                                     s - +4 ring of protection

@: short of breath, somewhat resistant to hostile enchantments, unstealthy
A: breathe power, unfitting armour, AC +6
a: Breathe Dispelling Energy, Renounce Religion


You were on level 3 of the Dungeon.
You worshipped Makhleb.
Makhleb was noncommittal.
You were very hungry.

You visited 2 branches of the dungeon, and saw 7 of its levels.
You also visited: Sewer.

You collected 184 gold pieces.

Inventory:

Hand weapons
 n - a +0 blowgun
 A - a +0 blowgun
Missiles
 b - 40 arrows
 l - 3 curare-tipped needles
 B - 22 poisoned needles
Armour
 x - a +0 pair of gloves (worn)
Comestibles
 a - 4 bread rations
 f - 2 meat rations
 E - an apple
Scrolls
 c - a scroll of random uselessness
 g - 5 scrolls of enchant armour
 h - 2 scrolls of amnesia {unknown}
 j - a scroll of recharging {unknown}
 o - 2 scrolls of noise {unknown}
 p - a scroll of teleportation {unknown}
 q - a scroll of curse weapon {unknown}
 r - 4 scrolls of remove curse {unknown}
 u - a scroll of curse armour {unknown}
 w - a scroll of enchant weapon II {unknown}
 G - a scroll of magic mapping {unknown}
Jewellery
 s - a +4 ring of protection (left hand)
 t - a +3 ring of intelligence {unknown}
 y - an uncursed ring of invisibility
Potions
 e - 8 potions of curing
 i - 2 potions of restore abilities
 k - 7 potions of heal wounds
 v - 2 potions of flight
 F - a potion of mutation {unknown}
 I - 2 potions of might
Books
 d - a book of Changes

   Spells                             Type                      Level
   *Beastly Appendage                 Transmutation                1
   *Sticks to Snakes                  Transmutation                2
   *Spider Form                       Transmutation/Poison         3
   *Ice Form                          Ice/Transmutation            4
   Blade Hands                        Transmutation                5


   Skills:
 + Level 1.5 Fighting
 + Level 2.3 Dodging
 + Level 4.2 Unarmed Combat
 - Level 2.4 Spellcasting
 - Level 7.3 Transmutations
 - Level 4.0 Poison Magic


You couldn't memorise any spells.
You knew the following spells:

 Your Spells              Type           Power        Failure   Level  Hunger
a - Beastly Appendage     Trmt           ####..       1%          1    #......
b - Sticks to Snakes      Trmt           ####......   1%          2    ##.....
c - Spider Form           Trmt/Pois      ###.......   8%          3    ####...
d - Ice Form              Ice/Trmt       ##........   50%         4    #####..


Dungeon Overview and Level Annotations

Branches:
Dungeon (6/27)             Temple (1/1) D:5
    Orc: D:6-11

Altars:
Ashenzari
Cheibriados
Elyvilon
Fedhas
Kikubaaqudgha
Makhleb
Okawaru
Trog
Vehumet
Xom
Yredelemnul
Zin
the Shining One


Message History

You kill the gnoll!
Makhleb accepts your kill.
The orc wizard suddenly cheers.
The gnoll closely misses you.
You hit the orc priest but do no damage.
The orc priest is poisoned.
The orc priest is heavily wounded.
The gnoll hits you from afar with a halberd!
* * * LOW HITPOINT WARNING * * *
The orc priest misses you.
You are too injured to fight recklessly!
You barely miss the orc priest.
The orc priest is heavily wounded.
Use which ability? (? or * to list)
Your transformation has ended.
You fall off the wall.
Your +0 pair of gloves unmelds from your body.
The orc priest mumbles some strange prayers to Beogh against you.
Something smites you!
You die...

..........######(####.#.####..##.
..######.........# #.#.# #......
...).............####.#.###......
.............(.......o.).........
########.###(.......#.#.###......
.............(............g......
#......#.#######....#.#.####..##.
#......#.# ####....#.#.# #..###
#......#.# #...@#.##.#.# #..#
.......#.# #...o#.##.#.####..###
########.####..go#.#......##....#
...................oo............
..........................#......
########....#....#>#......#......
...................>.............
########....#....###......#......
.................# ##.#####......


You could see an orc priest, an orc wizard and a gnoll.

Vanquished Creatures
  3 crimson imps (D:5)
  3 hounds
  2 orc priests (D:3)
  An orc wizard (D:5)
  An iguana (D:5)
  A worker ant (D:5)
  Jessica (D:3)
  2 gnolls
  9 adders
  A green rat (Sewer)
  A worm (D:2)
  18 grey rats (Sewer)
  6 giant geckos
  2 oozes
  15 orcs
  9 ball pythons
  3 giant cockroaches
  3 goblins
  5 hobgoblins
  3 quokkas (D:2)
  9 bats
  7 giant newts
  30 kobolds
  A kobold skeleton (D:4)
  16 rats
  A ballistomycete (D:5)
153 creatures vanquished.

Vanquished Creatures (collateral kills)
  Grinder (D:3)
1 creature vanquished.

Vanquished Creatures (others)
  A giant spore (D:5)
1 creature vanquished.

Grand Total: 155 creatures vanquished

Notes
Turn   | Place    | Note
--------------------------------------------------------------
     0 | D:1      | Malachi, the Draconian Transmuter, began the quest for the Orb.
     0 | D:1      | Reached XP level 1. HP: 16/16 MP: 1/1
   375 | D:1      | Reached XP level 2. HP: 14/23 MP: 3/3
   386 | D:1      | Learned a level 2 spell: Sticks to Snakes
   652 | D:1      | Found a shimmering altar of Xom.
   667 | D:1      | You fall through a shaft!
  1159 | D:1      | Reached XP level 3. HP: 13/28 MP: 4/4
  1170 | D:1      | Learned a level 3 spell: Spider Form
  1319 | D:2      | Reached skill level 4 in Unarmed Combat
  2355 | D:3      | Reached XP level 4. HP: 18/35 MP: 4/6
  2569 | D:3      | Noticed Grinder
  2922 | D:3      | Reached skill level 1 in Poison Magic
  3151 | D:3      | Noticed Jessica
  3158 | D:3      | Killed Jessica
  3215 | D:3      | Reached XP level 5. HP: 17/40 MP: 3/7
  3477 | D:3      | Paralysed by Grinder for 7 turns
  3497 | D:3      | Killed Grinder
  3497 | D:3      | Reached XP level 6. HP: 22/48 MP: 1/9
  4470 | D:4      | Reached skill level 5 in Transmutations
  4916 | D:4      | Found a glowing drain.
  4965 | Sewer    | Entered a sewer
  5291 | Sewer    | Your scales start taking on a rich purple colour.
  5291 | Sewer    | Reached XP level 7. HP: 51/53 MP: 11/11
  6349 | D:5      | Entered Level 5 of the Dungeon
  6546 | D:5      | Found a staircase to the Ecumenical Temple.
  6574 | D:5      | Reached skill level 6 in Transmutations
  6592 | Temple   | Entered the Ecumenical Temple
  6640 | Temple   | Became a worshipper of Makhleb the Destroyer
  6753 | D:5      | Found a white marble altar of Elyvilon.
  7109 | D:5      | Reached skill level 7 in Transmutations
  7229 | D:5      | Learned a level 4 spell: Ice Form
  7352 | D:3      | Killed from afar by an orc priest

Action                   |  1- 3 |  4- 6 |  7- 9 || total
-------------------------+-------+-------+-------++-------
Melee: Unarmed           |   194 |   323 |   274 ||   791
 Cast: Beastly Appendage |     2 |    11 |     6 ||    19
       Spider Form       |       |     6 |     3 ||     9
       Sticks to Snakes  |       |     2 |       ||     2
 Abil: End Transformatio |       |     4 |     3 ||     7
       Breathe Dispellin |       |       |     9 ||     9
  Use: Scroll            |       |     3 |     2 ||     5
       Potion            |       |     1 |     1 ||     2
